 Dungeon Crawl Stone Soup version 0.22.1-6-g1668fe2c40 (webtiles) character file.

669 Robson the Chopper (level 7, -3/51 HPs)
             Began as a Demonspawn Gladiator on Jan 27, 2019.
             Was a Believer of Dithmenos.
             Killed by nerve-wracking pain
             ... invoked by Grinder
              (10 damage)
             ... on level 4 of the Dungeon.
             The game lasted 00:46:08 (3438 turns).

Robson the Chopper (Demonspawn Gladiator)           Turns: 3438, Time: 00:46:10

Health: -3/51      AC: 14    Str: 16    XL:     7   Next: 32%
Magic:  7/7        EV:  7    Int: 10    God:    Dithmenos [**....]
Gold:   128        SH:  3    Dex: 14    Spells: 6/6 levels left

rFire    . . .     SeeInvis .   a - +0 war axe
rCold    . . .     Gourm    .   w - +0 buckler
rNeg     . . .     Faith    .   k - +0 chain mail
rPois    .         Spirit   .   c - +0 helmet
rElec    .         Reflect  .   (no cloak)
rCorr    .         Harm     .   o - +0 pair of gloves
MR       .....                  v - +0 pair of boots
Stlth    ..........             t - amulet of rage
HPRegen  0.17/turn              i - ring of wizardry
MPRegen  0.10/turn              m - ring of flight

@: wreathed by umbra
A: talons 1, iridescent scales 1, demonic guardian 1, powered by pain 1
a: Shadow Step, Renounce Religion, Evoke Berserk Rage, Evoke Flight


You were on level 4 of the Dungeon.
You worshipped Dithmenos.
Dithmenos was pleased with you.
You were not hungry.

You visited 1 branch of the dungeon, and saw 4 of its levels.

You collected 128 gold pieces.

Inventory:

Hand Weapons
 a - a +0 war axe (weapon)
 A - a +2 whip of freezing
Missiles
 d - 2 throwing nets
 g - 69 sling bullets
 p - 32 poisoned needles (quivered)
Armour
 b - a +0 leather armour
 c - a +0 helmet (worn)
 h - a +0 robe
 k - a +0 chain mail (worn)
 o - a +0 pair of gloves (worn)
 s - a cursed -2 large shield
 u - a +0 animal skin
 v - a +0 pair of boots (worn)
 w - a +0 buckler (worn)
 B - a +0 animal skin
Jewellery
 i - a ring of wizardry (left hand)
 m - a ring of flight (right hand)
 t - an amulet of rage (around neck)
 y - an uncursed ring of positive energy
Scrolls
 j - 2 scrolls of magic mapping
 n - 2 scrolls of teleportation
 r - 2 scrolls of enchant weapon
 x - a scroll of noise
Potions
 z - a potion of lignification
Comestibles
 f - a ration


   Skills:
 - Level 2.7 Fighting
 + Level 6.0 Axes
 + Level 2.0 Throwing
 + Level 2.4 Armour
 * Level 4.3 Dodging
 + Level 0.8 Stealth


You had 6 spell levels left.
You didn't know any spells.
Your spell library was empty.

Dungeon Overview and Level Annotations

Branches:
Dungeon (4/15)
 Temple: D:4-7

Altars:
Dithmenos
Yredelemnul
Zin

Annotations:
D:4 1 transporter, Grinder


Innate Abilities, Weirdness & Mutations

You have sharp toenails.
You are partially covered in iridescent scales. (AC +2)
A weak demonic guardian rushes to your aid.
You sometimes gain a little power by taking damage.


Message History

You feel less wooden.
Your +0 helmet unmelds from your body.
Your +0 pair of gloves unmelds from your body.
Your +0 pair of boots unmelds from your body.
Your +0 chain mail unmelds from your body.
Things that are here:
2 poisoned needles; a throwing net You closely miss Grinder.
Grinder is moderately wounded.
Your white imp barely misses Grinder.
Grinder gestures at you. Pain shoots through your body!
* * * LOW HITPOINT WARNING * * *
You closely miss Grinder.
Grinder is moderately wounded.
Your white imp gestures at Grinder.
The puff of frost hits Grinder.
Grinder resists.
Grinder gestures at you. Pain shoots through your body!
You die...

..#.#.#....). .##.#.#.#.....(
...#.#.......
#######.#.....5..
#§§.§.#.......#
#§§§§§#.##...####.# #####
#§.§§.#...........# ....
+§§.$Y#.†##'########### #..
+§..[Y#©..#§#@55......# #.##+#
+§§.$Y#...)..5#######.###'#...
#.§.§Y####)...# #...<.....
#§§§§.# #....# #....p....
#.§§§§ #....# #####.....>...
###### #.^..# #.............
#....# #............. #....#
#....p.....### ######
#..........#


You could see Grinder and 2 friendly white imps.

Vanquished Creatures
  A water moccasin (D:3)
  A slave (D:4)
  A hound (D:4)
  An orc wizard (D:4)
  A worker ant (D:4)
  Ijyb (D:4)
  4 adders
  3 oozes
  2 adder skeletons (D:4)
  A worm (D:2)
  A dart slug (D:3)
  2 leopard geckos
  2 orcs (D:3)
  9 bats
  2 giant cockroaches
  2 gnoll zombies (D:2)
  7 hobgoblins
  11 jackals
  6 kobolds
  A quokka (D:2)
  A ball python (D:2)
  4 frilled lizards
  5 goblins
  5 rats
74 creatures vanquished.

Vanquished Creatures (collateral kills)
  Pikel (D:4)
  A slave (D:4)
  An orc wizard (D:4)
  A leopard gecko zombie (D:4)
4 creatures vanquished.

Vanquished Creatures (others)
  An orc (D:4)
1 creature vanquished.

Grand Total: 79 creatures vanquished

Notes
Turn   | Place    | Note
-------+----------+-------------------------------------------
     0 | D:1      | Robson the Demonspawn Gladiator began the quest for the
                  | Orb.
     0 | D:1      | Reached XP level 1. HP: 16/16 MP: 1/1
   181 | D:1      | Gained mutation: You are partially covered in iridescent
                  | scales. (AC +2) [demonic ancestry]
   181 | D:1      | Reached XP level 2. HP: 18/22 MP: 2/2
   320 | D:1      | Reached skill level 3 in Axes
   447 | D:2      | Gained mutation: You have sharp toenails. [demonic
                  | ancestry]
   447 | D:2      | Reached XP level 3. HP: 25/27 MP: 3/3
  1321 | D:2      | Found a faded altar of an unknown god.
  1326 | D:2      | Became a worshipper of Dithmenos the Shadowed
  1326 | D:2      | Reached * piety under Dithmenos
  1364 | D:2      | Gained mutation: You sometimes gain a little power by
                  | taking damage. [demonic ancestry]
  1364 | D:2      | Reached XP level 4. HP: 33/34 MP: 4/4
  1570 | D:2      | Found a glowing silver altar of Zin.
  1868 | D:2      | Found a basalt altar of Yredelemnul.
  2271 | D:3      | Noticed a water moccasin
  2289 | D:3      | Killed a water moccasin
  2289 | D:3      | Reached skill level 4 in Axes
  2289 | D:3      | Reached skill level 1 in Armour
  2289 | D:3      | Gained mutation: A weak demonic guardian rushes to your
                  | aid. [demonic ancestry]
  2289 | D:3      | Reached XP level 5. HP: 39/39 MP: 5/5
  2827 | D:4      | Noticed Ijyb
  2955 | D:4      | Killed Ijyb
  3030 | D:4      | Reached ** piety under Dithmenos
  3151 | D:4      | Noticed a slave
  3151 | D:4      | Noticed a slave
  3151 | D:4      | Noticed a slave
  3154 | D:4      | Noticed Pikel
  3156 | D:4      | Noticed a slave
  3174 | D:4      | Killed a slave
  3197 | D:4      | Killed a slave
  3198 | D:4      | Killed Pikel
  3198 | D:4      | Reached skill level 5 in Axes
  3198 | D:4      | Reached XP level 6. HP: 12/46 MP: 6/6
  3198 | D:4      | Reached XP level 7. HP: 14/51 MP: 7/7
  3281 | D:4      | Found a transporter.
  3350 | D:4      | Reached skill level 6 in Axes
  3350 | D:4      | Noticed Grinder
  3359 | D:4      | Paralysed by Grinder for 2 turns
  3371 | D:4      | Paralysed by Grinder for 4 turns
  3428 | D:4      | Paralysed by Grinder for 4 turns
  3438 | D:4      | Killed from afar by Grinder

Skill      XL: |  1  2  3  4  5  6  7 |
---------------+----------------------+-----
Throwing       | 2 |  2.0
Axes           | 3 4 5 6 |  6.0
Dodging        | 3 4 |  4.3
Armour         | 1 2 |  2.4
Fighting       | |  2.7
Stealth        | |  0.8

Action                   |  1- 3 |  4- 6 |  7- 9 || total
-------------------------+-------+-------+-------++-------
Melee: War axe           |    99 |   136 |    27 ||   262
       Kick              |     9 |     4 |       ||    13
Throw: Throwing net      |     2 |       |     2 ||     4
  Use: Scroll            |     3 |     1 |     6 ||    10
       Potion            |       |     3 |     2 ||     5
  Eat: Ration            |     1 |     1 |     1 ||     3
Armor: Leather armour    |    30 |       |       ||    30
       Chain mail        |    35 |   113 |    17 ||   165
Dodge: Dodged            |    80 |    62 |    10 ||   152
Block: Buckler           |       |    19 |     4 ||    23
